 Dungeon Crawl Stone Soup version 0.25.1-2-g60ff931df9 (webtiles) character file.

Game seed: 7549874610715842712

2644 Exodus22XD the Cleaver (level 9, -13/80 HPs)
             Began as a Deep Dwarf Fighter on Oct 17, 2020.
             Was a Priest of Makhleb.
             Mangled by an orc warrior
             ... wielding a +0 halberd
              (19 damage)
             ... in a bailey.
             The game lasted 00:13:59 (5799 turns).

Exodus22XD the Cleaver (Deep Dwarf Fighter)         Turns: 5799, Time: 00:13:59

Health: -13/80     AC: 15    Str: 23    XL:     9   Next: 35%
Magic:  11/11      EV:  7    Int:  9    God:    Makhleb [***...]
Gold:   468        SH: 10    Dex: 12    Spells: 8/8 levels left

rFire    . . .     SeeInvis +   g - +4 hand axe (flame)
rCold    . . .     Gourm    .   c - +0 kite shield
rNeg     . . .     Faith    .   x - +1 chain mail {MR+}
rPois    .         Spirit   .   w - +0 helmet (curse)
rElec    .         Reflect  .   v - +2 cloak {Stlth+}
rCorr    .         Harm     .   (no gloves)
MR       ++...                  (no boots)
Stlth    ..........             (no amulet)
HPRegen  0.00/turn              (no ring)
MPRegen  0.12/turn              z - ring of see invisible

@: non-regenerating
A: damage resistance, heal wounds, sense surroundings 2, no regeneration
a: Heal Wounds, Minor Destruction, Lesser Servant of Makhleb, Renounce Religion


You were in a bailey.
You worshipped Makhleb.
Makhleb was most pleased with you.
You were not hungry.

You visited 1 branch of the dungeon, and saw 8 of its levels.
You also visited: Bailey.

You collected 468 gold pieces.

Inventory:

Hand Weapons
 a - a +0 war axe
 g - a +4 hand axe of flaming (weapon)
 r - a +5 flail of holy wrath
Armour
 c - a +0 kite shield (worn)
 v - a +2 cloak of stealth (worn)
 w - a cursed +0 helmet (worn)
 x - a +1 chain mail of magic resistance (worn)
Jewellery
 z - a ring of see invisible (right hand)
Wands
 A - a wand of disintegration (13)
 B - a wand of iceblast (6)
Scrolls
 e - 5 scrolls of remove curse
 o - 2 scrolls of amnesia
 p - a scroll of fog
 q - 3 scrolls of teleportation
 s - a scroll of enchant weapon
 u - a scroll of immolation {unknown}
 y - a scroll of magic mapping {unknown}
 D - a scroll of fear {unknown}
Potions
 b - 2 potions of heal wounds
 d - 2 potions of might
 h - a potion of cancellation {unknown}
 j - 6 potions of degeneration
 k - a potion of magic {unknown}
 l - a potion of mutation {unknown}
 m - 2 potions of curing {unknown}
 t - 3 potions of invisibility
Comestibles
 f - 11 rations
 i - 16 chunks of flesh


   Skills:
 + Level 4.9 Fighting
 + Level 8.8 Axes
 + Level 6.3 Armour
 - Level 1.0 Dodging
 + Level 6.3 Shields
 * Level 7.1 Invocations


You had 8 spell levels left.
You didn't know any spells.
Your spell library contained the following spells:

 Spells                   Type           Power        Failure   Level  Hunger
 Confusing Touch          Hex            #.......     100%        3    ####...
 Gell's Gravitas          Tloc           #.........   100%        3    ####...
 Petrify                  Tmut/Erth      #.......     100%        4    #####..
 Metabolic Englaciation   Hex/Ice        #.........   100%        5    ######.
 Yara's Violent Unravell  Hex/Tmut       #.........   100%        5    ######.


Dungeon Overview and Level Annotations

Branches:
Dungeon (8/15)             Temple (0/1) D:5          Bailey (1/1)
   Lair: D:8-11

Altars:
Ashenzari
Elyvilon
Makhleb
Nemelex Xobeh
Okawaru
Ru
Zin

Shops:
D:6 (


Innate Abilities, Weirdness & Mutations

You are resistant to damage.
You can heal yourself by infusing magical energy.
You passively map the area around you.
You do not regenerate.


Message History

You now have 468 gold pieces (gained 17).
Things that are here:
a +0 spear; a +0 ring mail; an orc skeleton
There is a large open door here.
There is a large open door here.
Things that are here:
a +0 spear; a +0 chain mail The orc knight roars a battlecry!
The orc warriors go into a battle-frenzy!
The orc knight is too close now for your liking.
There is an open door here.
The orc knight barely misses you.
The orc warrior hits you from afar with a +0 halberd!!
The orc knight hits you from afar with a +0 halberd!!
* * * LOW HITPOINT WARNING * * *
The orc warrior hits you from afar with a +0 halberd.
The orc knight hits you from afar with a +0 halberd!
* * * LOW HITPOINT WARNING * * *
The orc warrior hits you from afar with a +0 halberd!!
You die...

##.........## ####
##..≈≈≈≈≈≈≈..#######..∩
##..≈≈....)≈≈...##...###
##########..≈≈..###))≈).##.######
#..........≈≈).## ##)..##........
#.≈≈≈≈≈≈≈≈≈≈..## , #######≈≈≈≈≈≈≈
#.≈.....)....## , #####..≈
#.≈.#############+####** #####.≈
#.≈)##.....##..§@.§..§ , $$.##.≈
#.≈.)##...#'..≈§§§§§§..# ##..≈
#.≈≈..##.##..≈≈oo..§≈≈. **,##..≈≈
##.≈≈..#)#..≈≈..§⌠...≈≈ , +#..≈≈.
#∩.≈≈..#'#..≈≈..⌠∩⌠..≈§, +#..≈≈.
#.≈≈..##)##..≈≈.....≈≈.. ##..≈≈
#.≈..##...##..§≈≈≈≈≈≈..+ ,##..≈
#.≈.##.....##.........## ,,##.≈
#.≈.#########'###'##*##########.≈


You could see an orc knight and an orc warrior (strong).

Vanquished Creatures
  Sigmund (D:4)
  Eustachio (D:5)
  Edmund (D:4)
  A water moccasin (D:7)
  An ice beast (D:8)
  4 orc warriors
  A phantom (D:8)
  2 ogres
  A sky beast (D:6)
  2 bullfrogs
  A scorpion (D:4)
  A howler monkey (D:7)
  4 crimson imps
  A bullfrog zombie (D:6)
  2 hounds
  2 jellies
  Crazy Yiuf (D:5)
  2 centaur skeletons
  2 orc priests (D:8)
  4 orc wizards
  2 bullfrog skeletons
  An iguana (D:6)
  8 worker ants
  6 adders
  7 gnolls
  2 shadow imps (D:5)
  An ooze (D:3)
  4 worms
  6 leopard geckos
  32 orcs
  8 bats
  3 giant cockroaches
  5 goblins
  5 hobgoblins
  4 jackals
  9 kobolds
  6 quokkas
  A ball python (D:2)
  8 frilled lizards
  A leopard gecko zombie (D:5)
  2 quokka skeletons
  7 rats
163 creatures vanquished.

Notes
Turn   | Place    | Note
-------+----------+-------------------------------------------
     0 | D:1      | Exodus22XD the Deep Dwarf Fighter began the quest for the
                  | Orb.
     0 | D:1      | Reached XP level 1. HP: 20/20 MP: 1/1
   203 | D:1      | Reached XP level 2. HP: 27/27 MP: 2/2
   680 | D:2      | Reached XP level 3. HP: 32/34 MP: 3/3
   867 | D:2      | Found a burning altar of Makhleb.
   883 | D:2      | Noticed a blizzard demon
   887 | D:2      | Noticed a ynoxinul
   887 | D:2      | Noticed a hellwing
   889 | D:2      | Became a worshipper of Makhleb the Destroyer
  1017 | D:2      | Reached skill level 3 in Axes
  1092 | D:2      | Reached XP level 4. HP: 30/42 MP: 4/4
  1359 | D:3      | Reached skill level 1 in Invocations
  1506 | D:3      | Found a faded altar of an unknown god.
  1556 | D:3      | Found a shattered altar of Ashenzari.
  1575 | D:3      | Reached * piety under Makhleb
  1575 | D:3      | Reached XP level 5. HP: 37/49 MP: 5/5
  1577 | D:3      | Reached skill level 1 in Dodging
  1629 | D:3      | You fall into a shaft and drop 1 floor!
  1659 | D:4      | Noticed Edmund
  1675 | D:4      | Killed Edmund
  1675 | D:4      | Reached skill level 4 in Axes
  1675 | D:4      | Reached XP level 6. HP: 46/56 MP: 4/6
  1764 | D:3      | Found a burning altar of Makhleb.
  1770 | D:3      | Found a glowing silver altar of Zin.
  1771 | D:3      | Noticed an Executioner
  1771 | D:3      | Noticed an angel
  1997 | D:3      | Found a sacrificial altar of Ru.
  1999 | D:3      | Found an iron altar of Okawaru.
  2474 | D:4      | Noticed Sigmund
  2498 | D:4      | Killed Sigmund
  2498 | D:4      | Reached skill level 5 in Armour
  2498 | D:4      | Reached XP level 7. HP: 23/63 MP: 7/7
  2998 | D:5      | Entered Level 5 of the Dungeon
  3006 | D:5      | Found a staircase to the Ecumenical Temple.
  3207 | D:5      | Found a runed translucent door.
  3208 | D:5      | Noticed Crazy Yiuf
  3220 | D:5      | Killed Crazy Yiuf
  3220 | D:5      | Reached skill level 5 in Axes
  3334 | D:5      | Found a sparkling altar of Nemelex Xobeh.
  3422 | D:5      | Noticed Eustachio
  3441 | D:5      | Killed Eustachio
  3604 | D:5      | Reached skill level 5 in Shields
  4147 | D:6      | Reached ** piety under Makhleb
  4147 | D:6      | Reached skill level 6 in Axes
  4147 | D:6      | Reached XP level 8. HP: 39/72 MP: 8/8
  4157 | D:6      | Reached skill level 5 in Invocations
  4261 | D:6      | Found Vydiu's Weapon Shop.
  4340 | D:6      | Found a white marble altar of Elyvilon.
  4934 | D:7      | Reached skill level 7 in Axes
  5230 | D:8      | Reached skill level 8 in Axes
  5253 | D:8      | Gained mutation: You passively map the area around you.
                  | [Deep Dwarf growth]
  5253 | D:8      | Reached XP level 9. HP: 49/79 MP: 10/10
  5301 | D:8      | Reached *** piety under Makhleb
  5535 | D:8      | Found a flagged portal.
  5560 | Bailey   | Entered a bailey
  5755 | Bailey   | Noticed an orc knight
  5799 | Bailey   | Mangled by an orc warrior

Illustrated notes

Levels and vault maps discovered:
D:1:      evilmike_arrival_crescent, layout_basic
D:2:      layout_basic, makhleb_altar_promises_db
D:3:      layout_loops_ring, grunt_temple_overflow_order_and_chaos_2,
          grunt_temple_overflow_open, first_ration,
          chequers_ecumenical_altar_grove, minmay_misc_feat_ornament,
          evilmike_ruin_ashenzari
D:4:      layout_gridville, uniq_edmund, uniq_sigmund
D:5:      layout_loops_corners, kennysheep_little_box,
          minmay_temple_entry_stoned_glass, uniq_crazy_yiuf_cottage,
          uniq_eustachio
D:6:      layout_cave_pods, elyvilon_altar_3, serial_shops, shop,
          minmay_lizard_king
D:7:      layout_rooms
D:8:      layout_cave_pools, enter_bailey_7, the_bakery,
          minmay_misc_feat_secret_circle
Bailey:   bailey_polearm_1, bailey

Skill      XL: |  1  2  3  4  5  6  7  8  9 |
---------------+----------------------------+-----
Fighting       | 3 4 |  4.9
Axes           | 3 4 6 8 |  8.8
Armour         | 4 5 6 |  6.3
Invocations    | 1 2 3 4 6 7 |  7.1
Shields        | 4 5 6 |  6.3
Dodging        | 1 |  1.0

Action                   |  1- 3 |  4- 6 |  7- 9 || total
-------------------------+-------+-------+-------++-------
Melee: Hand axe          |    80 |   100 |   341 ||   521
       War axe           |     1 |       |       ||     1
 Abil: Heal Wounds       |       |     3 |     5 ||     8
  Use: Scroll            |       |       |     8 ||     8
 Stab: Invisible         |       |       |     1 ||     1
  Eat: Chunk             |     1 |     4 |    11 ||    16
Armor: Scale mail        |    33 |    28 |     1 ||    62
       Chain mail        |       |       |   188 ||   188
       Ring mail         |       |       |     3 ||     3
Dodge: Dodged            |    20 |    30 |    94 ||   144
Block: Kite shield       |    35 |    41 |   194 ||   270
